 Dungeon Crawl Stone Soup version 0.26-a0-52-gd53d4cd (webtiles) character file.

Game seed: 12458057446445235938

560 thirtiethelement the Shield-Bearer (level 7, -14/60 HPs)
             Began as a Gnoll Fighter on June 6, 2020.
             Demolished by a mana viper (17 damage)
             ... on level 1 of the Abyss on June 7, 2020.
             The game lasted 00:06:57 (4076 turns).

thirtiethelement the Shield-Bearer (Gnoll Fighter)  Turns: 4076, Time: 00:06:59

Health: -14/60     AC:  8    Str: 21    XL:     7   Next: 31%
Magic:  0/10       EV:  8    Int: 10    God:
Gold:   264        SH: 10    Dex: 14    Spells: 10/10 levels left

rFire    + . .     SeeInvis .   a - +2 war axe
rCold    + . .     Gourm    .   c - +0 kite shield
rNeg     . . .     Faith    .   b - +0 scale mail
rPois    .         Spirit   .   (no helmet)
rElec    .         Reflect  .   (no cloak)
rCorr    .         Harm     .   (no gloves)
MR       .....                  p - +0 pair of boots
Stlth    ..........             (no amulet)
HPRegen  0.20/turn              l - ring of protection from fire
MPRegen  0.12/turn              s - ring of protection from cold

@: drained
A: distributed training, fangs 1, strong nose
a: no special abilities


You were on level 1 of the Abyss.
You were not hungry.

You visited 1 branch of the dungeon, and saw 4 of its levels.
You visited the Abyss 1 time.

You collected 264 gold pieces.

Inventory:

Hand Weapons
 a - a +2 war axe (weapon)
Missiles
 j - 5 javelins (quivered)
 q - 2 boomerangs
Armour
 b - a +0 scale mail (worn)
 c - a +0 kite shield (worn)
 p - a +0 pair of boots (worn)
Jewellery
 l - a ring of protection from fire (left hand)
 s - a ring of protection from cold (right hand)
Wands
 g - a wand of digging (5)
 h - a wand of random effects (16)
Scrolls
 e - 2 scrolls of identify
Potions
 d - a potion of might
 i - a potion of heal wounds
 k - a potion of curing {unknown}
 m - a potion of lignification {unknown}
 n - 2 potions of haste {unknown}
 r - a potion of brilliance {unknown}
Comestibles
 f - 12 rations


   Skills:
 + Level 7.0(5.9) Fighting
 + Level 2.3(1.3) Short Blades
 + Level 2.3(1.3) Long Blades
 + Level 5.2(4.1) Axes
 + Level 2.3(1.3) Maces & Flails
 + Level 2.3(1.3) Polearms
 + Level 2.3(1.3) Staves
 + Level 2.3(1.3) Slings
 + Level 2.3(1.3) Bows
 + Level 2.3(1.3) Crossbows
 + Level 2.3(1.3) Throwing
 + Level 7.0(5.9) Armour
 + Level 2.3(1.3) Dodging
 + Level 2.3(1.3) Stealth
 + Level 7.0(5.9) Shields
 + Level 2.3(1.3) Unarmed Combat
 + Level 2.3(1.3) Spellcasting
 + Level 1.9(0.9) Conjurations
 + Level 1.9(0.9) Hexes
 + Level 1.9(0.9) Charms
 + Level 1.9(0.9) Summonings
 + Level 1.9(0.9) Necromancy
 + Level 1.9(0.9) Translocations
 + Level 1.9(0.9) Transmutations
 + Level 1.9(0.9) Fire Magic
 + Level 1.9(0.9) Ice Magic
 + Level 1.9(0.9) Air Magic
 + Level 1.9(0.9) Earth Magic
 + Level 1.9(0.9) Poison Magic
 + Level 2.6(1.6) Invocations
 + Level 2.3(1.3) Evocations


You had 10 spell levels left.
You didn't know any spells.
Your spell library was empty.

Dungeon Overview and Level Annotations

Branches:
Dungeon (4/15)
 Temple: D:4-7

Altars:
Cheibriados
Fedhas
Gozag

Annotations:
D:4 ZappyNine's ghost, amateur DEAE


Innate Abilities, Weirdness & Mutations

Your experience applies equally to all skills.
You have very sharp teeth.
Your uncanny sense of smell can sniff out nearby items.


Message History

You closely miss the mana viper.
The mana viper bites you but does no damage.
The mana viper bites you.
You feel your power leaking away.
You hit the mana viper.
The mana viper is lightly wounded.
The mana viper bites you. The mana viper bites you!
You block the mana viper's attack. The mana viper bites you!
* * * LOW HITPOINT WARNING * * *
Found a scroll of fear.
The thrashing horror tramples you but does no damage. x2
Found a ration.
The thrashing horror tramples you.
* * * LOW HITPOINT WARNING * * *
You hold your ground!
The thrashing horror tramples you.
* * * LOW HITPOINT WARNING * * *
You hold your ground!
You block the mana viper's attack. The mana viper bites you!
You die...

...###.
.#...% #
....#..
......
......? #....
.....# ..
#...###...##
... ........#
#..#
#.##..##...
##.@S#.. #
#X.##2....#
#######.#....
∆ #..####
#.#....# .#
#2#.#..X.. #
#..#.§### # #
. .#X#...
##.#.......#


You could see a thrashing horror, a mana viper and a hellion.

Vanquished Creatures
  A phantom (D:4)
  A bullfrog (D:4)
  A howler monkey (D:4)
  A crimson imp (D:3)
  A hound (D:4)
  An orc wizard (D:3)
  Terence (D:3)
  Ijyb (D:3)
  3 worker ants (D:4)
  A howler monkey zombie (D:4)
  4 adders
  A worm (D:4)
  A dart slug (D:2)
  4 leopard geckos
  8 orcs
  2 ball pythons (D:3)
  4 bats
  14 giant cockroaches
  6 goblins
  7 hobgoblins
  6 jackals
  3 quokkas
  6 frilled lizards
  9 kobolds
  13 rats
100 creatures vanquished.

Vanquished Creatures (others)
  2 fungi (D:4)
  2 plants (D:4)
4 creatures vanquished.

Grand Total: 104 creatures vanquished

Notes
Turn   | Place    | Note
-------+----------+-------------------------------------------
     0 | D:1      | thirtiethelement the Gnoll Fighter began the quest for the
                  | Orb.
     0 | D:1      | Reached XP level 1. HP: 23/23 MP: 1/1
   226 | D:1      | Reached XP level 2. HP: 29/29 MP: 2/2
   833 | D:1      | Reached XP level 3. HP: 35/35 MP: 3/3
  1250 | D:2      | Reached skill level 1 in Invocations
  1383 | D:2      | Reached skill level 1 in Short Blades
  1383 | D:2      | Reached skill level 1 in Long Blades
  1383 | D:2      | Reached skill level 1 in Maces & Flails
  1383 | D:2      | Reached skill level 1 in Polearms
  1383 | D:2      | Reached skill level 1 in Staves
  1383 | D:2      | Reached skill level 1 in Slings
  1383 | D:2      | Reached skill level 1 in Bows
  1383 | D:2      | Reached skill level 1 in Crossbows
  1383 | D:2      | Reached skill level 1 in Throwing
  1383 | D:2      | Reached skill level 1 in Dodging
  1383 | D:2      | Reached skill level 1 in Stealth
  1383 | D:2      | Reached skill level 1 in Unarmed Combat
  1383 | D:2      | Reached skill level 1 in Spellcasting
  1383 | D:2      | Reached skill level 1 in Evocations
  1438 | D:2      | Found a snail-covered altar of Cheibriados.
  1622 | D:2      | Reached XP level 4. HP: 41/41 MP: 5/5
  1772 | D:3      | Noticed Terence
  1784 | D:3      | Killed Terence
  1863 | D:3      | Reached skill level 1 in Conjurations
  1863 | D:3      | Reached skill level 1 in Hexes
  1863 | D:3      | Reached skill level 1 in Charms
  1863 | D:3      | Reached skill level 1 in Summonings
  1863 | D:3      | Reached skill level 1 in Necromancy
  1863 | D:3      | Reached skill level 1 in Translocations
  1863 | D:3      | Reached skill level 1 in Transmutations
  1863 | D:3      | Reached skill level 1 in Fire Magic
  1863 | D:3      | Reached skill level 1 in Ice Magic
  1863 | D:3      | Reached skill level 1 in Air Magic
  1863 | D:3      | Reached skill level 1 in Earth Magic
  1863 | D:3      | Reached skill level 1 in Poison Magic
  1976 | D:3      | Reached XP level 5. HP: 45/47 MP: 5/7
  2411 | D:3      | Noticed Ijyb
  2426 | D:3      | Killed Ijyb
  2571 | D:3      | Reached XP level 6. HP: 53/53 MP: 8/8
  2849 | D:4      | Noticed a phantom
  2861 | D:4      | Killed a phantom
  2908 | D:4      | Reached skill level 5 in Axes
  3035 | D:4      | Found an opulent altar of Gozag.
  3070 | D:4      | Found a runed translucent gate.
  3070 | D:4      | Noticed ZappyNine's ghost (amateur DEAE)
  3074 | D:4      | Found a runed translucent gate.
  3075 | D:4      | Found a runed translucent gate.
  3075 | D:4      | Identified the +12 dagger of Fragile Peace {drain, rC+
                  | Str-2 Dex+2 Stlth+}
  3152 | D:4      | Reached XP level 7. HP: 54/59 MP: 10/10
  3457 | D:4      | Found a blossoming altar of Fedhas.
  3997 | D:4      | Paralysed by a kobold for 4 turns
  4000 | D:4      | Cast into level 1 of the Abyss (kobold)
  4025 | Abyss:1  | Noticed a hellion
  4032 | Abyss:1  | Noticed a mana viper
  4045 | Abyss:1  | Noticed a thrashing horror
  4051 | Abyss:1  | HP: 1/60 [thrashing horror (4)]
  4062 | Abyss:1  | Noticed a large abomination
  4076 | Abyss:1  | HP: 3/60 [thrashing horror (6)]
  4076 | Abyss:1  | Demolished by a mana viper

Illustrated notes

Levels and vault maps discovered:
D:1:      minmay_arrival_statue_studded, layout_basic
D:2:      layout_loops_cross, first_ration, chequers_serial_rivers_small_a,
          kennysheep_slug_shrine
D:3:      minmay_roachtagon, layout_basic, uniq_ijyb, uniq_terence
D:4:      layout_basic, fedhas_ov_isle_minmay, gammafunk_ghost_nasty_kobolds,
          grunt_gozag_breadcrumbs
Abyss:1:  base:
D:1

Skill      XL: |  1  2  3  4  5  6  7 |
---------------+----------------------+-----
Invocations    | 1 2 |  2.6
Short Blades   | 1 2 |  2.3
Long Blades    | 1 2 |  2.3
Maces & Flails | 1 2 |  2.3
Polearms       | 1 2 |  2.3
Staves         | 1 2 |  2.3
Slings         | 1 2 |  2.3
Bows           | 1 2 |  2.3
Crossbows      | 1 2 |  2.3
Throwing       | 1 2 |  2.3
Dodging        | 1 2 |  2.3
Stealth        | 1 2 |  2.3
Unarmed Combat | 1 2 |  2.3
Spellcasting   | 1 2 |  2.3
Evocations     | 1 2 |  2.3
Conjurations   | 1 |  1.9
Hexes          | 1 |  1.9
Charms         | 1 |  1.9
Summonings     | 1 |  1.9
Necromancy     | 1 |  1.9
Translocations | 1 |  1.9
Transmutations | 1 |  1.9
Fire Magic     | 1 |  1.9
Ice Magic      | 1 |  1.9
Air Magic      | 1 |  1.9
Earth Magic    | 1 |  1.9
Poison Magic   | 1 |  1.9
Axes           | 5 |  5.2
Fighting       | 7 |  7.0
Armour         | 7 |  7.0
Shields        | 7 |  7.0

Action                   |  1- 3 |  4- 6 |  7- 9 || total
-------------------------+-------+-------+-------++-------
Melee: War axe           |   101 |   126 |    54 ||   281
       Bite              |     5 |    19 |     6 ||    30
Throw: Javelin           |     1 |       |       ||     1
  Use: Scroll            |     4 |     2 |     3 ||     9
       Potion            |       |       |     3 ||     3
  Eat: Chunk             |     2 |     5 |     3 ||    10
Armor: Scale mail        |    30 |    39 |    26 ||    95
Dodge: Dodged            |    28 |    39 |    20 ||    87
Block: Kite shield       |    56 |    82 |    44 ||   182

Table legend:
 A = Non-vault XP
 B = Vault XP
 C = Vault XP percentage of total XP
 D = Non-vault monster count
 E = Vault monster count
 F = Vault count percentage of total count
                 A         B        C        D         E       F
            +---------+---------+-------+---------+---------+-------
      Total |     698 |     102 |  12.8 |      84 |      16 |  16.0
            +---------+---------+-------+---------+---------+-------
        D:1 |      36 |       0 |   0.0 |      23 |       0 |   0.0
        D:2 |      42 |       4 |   8.7 |      19 |       1 |   5.0
        D:3 |     141 |      97 |  40.8 |      23 |      14 |  37.8
        D:4 |     479 |       1 |   0.2 |      19 |       1 |   5.0
            +---------+---------+-------+---------+---------+-------
